 Dungeon Crawl Stone Soup version 0.27.1-35-g4d5d836560 (webtiles) character file.

Game seed: 13355429395462506594

1080 Delamore the Basher (level 8, -2/52 HPs)
             Began as an Octopode Brigand on June 24, 2022.
             Slain by an orc (5 damage)
             ... on level 5 of the Dungeon.
             The game lasted 00:06:32 (5931 turns).

Delamore the Basher (Octopode Brigand)              Turns: 5931, Time: 00:06:33

Health: -2/52      AC:  1    Str: 10    XL:     8   Next: 29%
Magic:  8/8        EV: 18    Int: 16    God:
Gold:   262        SH:  0    Dex: 13    Spells: 7/7 levels left

rFire    . . .     SeeInvis .   e - +3 flail (elec)
rCold    . . .     Faith    .   (no shield)
rNeg     . . .     Spirit   .   (helmet restricted)
rPois    .         Reflect  .   (no amulet)
rElec    .         Harm     .   j - +4 ring of evasion
rCorr    .         Rampage  .   (no ring)
Will     .....                  (no ring)
Stlth    ++++......             (no ring)
HPRegen  0.17/turn              (no ring)
MPRegen  0.11/turn              (no ring)
                                (no ring)
                                (no ring)

@: no status effects
A: almost no armour, amphibious, 8 rings, camouflage 1, gelatinous body 1,
(nimble swimmer 1), tentacles
a: no special abilities


You were on level 5 of the Dungeon.
You visited 2 branches of the dungeon, and saw 6 of its levels.
You also visited: Ossuary.

You collected 300 gold pieces.
You spent 38 gold pieces at shops.

Inventory:

Hand Weapons
 a - a +2 dagger
 e - a +3 flail of electrocution (weapon)
Missiles
 b - 3 poisoned darts (quivered)
 d - 40 stones
Jewellery
 j - a +4 ring of evasion (left tentacle)
 w - a ring of wizardry
Wands
 v - a wand of charming (10)
 y - a wand of digging (6)
Scrolls
 h - a scroll of fog
 i - a scroll of blinking
 l - a scroll of vulnerability
 m - a scroll of fear
 p - a scroll of holy word {unknown}
 s - a scroll of brand weapon
 u - 2 scrolls of silence {unknown}
 x - 2 scrolls of identify
 A - a scroll of teleportation {unknown}
Potions
 f - a potion of invisibility {unknown}
 g - 4 potions of haste {unknown}
 k - 3 potions of might {unknown}
 n - 3 potions of flight {unknown}
 o - 4 potions of curing
 q - a potion of magic {unknown}
 r - 2 potions of attraction {unknown}
 t - 2 potions of berserk rage {unknown}
 z - a potion of mutation {unknown}


   Skills:
 - Level 3.2 Fighting
 - Level 2.0 Short Blades
 + Level 8.3 Maces & Flails
 - Level 2.0 Throwing
 - Level 3.4 Dodging
 - Level 5.3 Stealth


You had 7 spell levels left.
You didn't know any spells.
Your spell library contained the following spells:

 Spells                   Type           Power      Damage    Failure   Level
 Animate Skeleton         Necr           0%         N/A       26%         1
 Pain                     Necr           0%         1d4       26%         1
 Slow                     Hex            0%         N/A       36%         2
 Confusing Touch          Hex            0%         N/A       58%         3
 Vampiric Draining        Necr           0%         2d6       58%         3


Dungeon Overview and Level Annotations

Branches:
Dungeon (5/15)             Temple (1/1) D:5         Ossuary (visited)

Altars:
Ashenzari
Cheibriados
Dithmenos
Elyvilon
Hepliaklqana
Kikubaaqudgha
Makhleb
Nemelex Xobeh
Okawaru
Qazlal
Ru
Sif Muna
Uskayaw
Vehumet
Xom
Yredelemnul
Zin
The Shining One

Shops:
D:1 [   D:2 *


Innate Abilities, Weirdness & Mutations

You cannot wear most types of armour.
You are amphibious.
You can wear up to eight rings at the same time.
Your skin changes colour to match your surroundings (Stealth+).
Your rubbery body absorbs attacks. (AC +1, EV +1)
((You are camouflaged near water. (Stealth+)))
You have tentacles for arms and can constrict up to eight enemies at once.


Message History

You are too injured to fight recklessly!
You are too injured to fight recklessly!
You are too injured to fight recklessly!
You are too injured to fight recklessly!
You are too injured to fight recklessly!
You are too injured to fight recklessly!
You are too injured to fight recklessly!
Throw: dart (curare)
Press: ? - help, Q - select action, (/) - cycle Shift-Dir - straight line, f - orc priest
Aim: an orc priest, wielding a +0 trident and wearing a +0 ring mail (63% to hit)
Okay, then.
Aiming: Dig
Press: ? - help, Shift-Dir - straight line, f - you Please select a direction to dig.
Okay, then.
Aiming: Charm
Press: ? - help, Shift-Dir - straight line, f - orc priest
Aim: an orc priest, wielding a +0 trident and wearing a +0 ring mail (chance to affect: 46%)
Okay, then.
Unknown command.
Okay, then.
Throw: dart (curare)
Press: ? - help, Q - select action, (/) - cycle Shift-Dir - straight line, f - orc priest
Aim: an orc priest, wielding a +0 trident and wearing a +0 ring mail (63% to hit)
You throw a curare-tipped dart.
The curare-tipped dart closely misses the orc priest.
You constrict the orc. The orc hits you with a +0 whip.
* * * LOW HITPOINT WARNING * * *
Throw: 4 darts (poison)
Press: ? - help, Q - select action, (/) - cycle Shift-Dir - straight line, f/p - orc priest
Aim: an orc priest, wielding a +0 trident and wearing a +0 ring mail (63% to hit)
You throw a poisoned dart.
The poisoned dart closely misses the orc priest.
You constrict the orc.
The orc priest hits you from afar with a +0 trident.
* * * LOW HITPOINT WARNING * * *
The orc hits you with a +0 short sword.
* * * LOW HITPOINT WARNING * * *
The orc hits you with a +0 whip.
You die...

#..........#... #......... #...
#........###$.# ##........#.....
###### #..............###..#.##
#...........##..........
.......o..##.#.)##......
#o)@.)..)...........
#.(.o#.#.#.###.....#..
..(..###.....# ##....#.. #..#
#...##..# #...###. #..
##..###....##.####. .####. #..##
#.......##... ##.#........
##888##.##...###....
............##8...8......###.....
..........#.....>.8......# #.....


You could see an orc priest and 2 orcs.

Vanquished Creatures
  An ice beast (D:5)
  A sky beast (D:5)
  An ogre (D:5)
  Blork the orc (D:4)
  A scorpion (D:4)
  A bullfrog (D:3)
  3 centaur zombies
  3 hounds
  A jelly (D:3)
  4 human zombies (Ossuary)
  An iguana (D:4)
  An orc wizard (D:5)
  2 mummies (Ossuary)
  4 gnolls
  6 adders
  An adder zombie (D:5)
  A worm (D:3)
  5 dart slugs
  8 orcs
  3 endoplasms (D:1)
  2 giant cockroaches (D:1)
  A gnoll zombie (D:4)
  3 goblins
  10 hobgoblins
  3 jackals (D:2)
  2 kobolds (D:2)
  3 quokkas
  2 ball pythons
  7 bats
  4 frilled lizards
  8 hobgoblin zombies (Ossuary)
  2 jackal zombies (Ossuary)
  13 kobold zombies (Ossuary)
  6 orc zombies (Ossuary)
  22 rats
  2 rat zombies (Ossuary)
139 creatures vanquished.

Notes
Turn   | Place    | Note
-------+----------+-------------------------------------------
     0 | D:1      | Delamore the Octopode Brigand began the quest for the Orb.
     0 | D:1      | Reached XP level 1. HP: 14/14 MP: 1/1
    38 | D:1      | Found Zudautz's Armour Shop.
   115 | D:1      | Reached XP level 2. HP: 15/20 MP: 2/2
   533 | D:1      | Reached XP level 3. HP: 25/25 MP: 3/3
  1074 | D:1      | Found a faded altar of an unknown god.
  1236 | D:2      | Reached skill level 1 in Maces & Flails
  1293 | D:2      | Found Nawad's General Store.
  1299 | D:2      | Bought a scroll of fear for 38 gold pieces
  1491 | D:2      | Reached XP level 4. HP: 23/31 MP: 4/4
  2308 | D:3      | Noticed a bullfrog
  2316 | D:3      | Reached skill level 2 in Maces & Flails
  2319 | D:3      | Killed a bullfrog
  2320 | D:3      | Reached XP level 5. HP: 9/36 MP: 5/5
  2837 | D:3      | Reached skill level 3 in Maces & Flails
  3042 | D:4      | Reached XP level 6. HP: 42/42 MP: 6/6
  3285 | D:4      | Reached skill level 4 in Maces & Flails
  3380 | D:4      | Found a sand-covered staircase.
  3395 | Ossuary  | Entered an ossuary
  3637 | Ossuary  | HP: 2/42 [human zombie (5)]
  3652 | Ossuary  | Reached skill level 5 in Maces & Flails
  3746 | Ossuary  | Reached XP level 7. HP: 21/46 MP: 7/7
  4374 | D:4      | Noticed Blork the orc
  4378 | D:4      | Killed Blork the orc
  4379 | D:4      | Reached skill level 6 in Maces & Flails
  4922 | D:5      | Entered Level 5 of the Dungeon
  5060 | D:5      | Reached skill level 7 in Maces & Flails
  5379 | D:5      | Found a staircase to the Ecumenical Temple.
  5399 | Temple   | Entered the Ecumenical Temple
  5544 | D:5      | Reached XP level 8. HP: 52/52 MP: 8/8
  5793 | D:5      | Reached skill level 8 in Maces & Flails
  5931 | D:5      | Slain by an orc

Illustrated notes

Levels and vault maps discovered:
D:1:      scummos_arrival_checkerplants, layout_basic, serial_rivers,
          chequers_serial_rivers_marsh, chequers_serial_rivers_micro_e,
          chequers_serial_rivers_room_a, chequers_serial_rivers_large_b,
          chequers_serial_rivers_micro_e, chequers_serial_rivers_marsh,
          serial_shops, nicolae_shop_competitors_out_of_business,
          basic_ecumenical_altar
D:2:      layout_loops_ring, serial_shops, shop, minmay_rat_hole
D:3:      layout_rooms, grunt_decor_fettered, st_stairs_1,
          minmay_misc_feat_ornament
D:4:      layout_loops_corners, enter_ossuary_3, uniq_blork_the_orc
D:5:      layout_cave_pools, minmay_temple_entry_statues,
          minmay_a_box_with_orc_wizards_in_it
Temple:   compressed_dpeg_circular_temple

Skill      XL: |  1  2  3  4  5  6  7  8 |
---------------+-------------------------+-----
Dodging        | 2 3 |  3.4
Maces & Flails | 1 2 3 5 7 8 |  8.3
Fighting       | 3 |  3.2
Short Blades   | |  2.0
Throwing       | |  2.0
Stealth        | |  5.3

Action                   |  1- 3 |  4- 6 |  7- 9 || total
-------------------------+-------+-------+-------++-------
Melee: Dagger            |    62 |    87 |       ||   149
       Constrict         |    14 |    43 |    17 ||    74
       Tentacles         |     7 |    16 |    12 ||    35
       Flail             |       |    80 |    85 ||   165
Throw: Dart              |       |     3 |    14 ||    17
       Stone             |       |    31 |       ||    31
  Use: Scroll            |       |     2 |     3 ||     5
       Potion            |       |     1 |     1 ||     2
 Stab: Sleeping          |    10 |    13 |     4 ||    27
Armor: Skin              |     8 |    14 |     3 ||    25
Dodge: Dodged            |    27 |   138 |    68 ||   233
